Map: Bel'Shir Vestige LE (Void)

Players

Musumeci - Winner!

  • Race: Zerg Zerg
  • League: Diamond
  • Spawn Location: 5:00

Haku

  • Race: Terran Terran
  • League: Diamond
  • Spawn Location: 11:00

VOD

Have the link to the VOD?

Description

Time

  • Played on: March 8, 2017, 3:20 p.m.
  • Length: 10:05
Show
View Real Time Build Order
Export as new Build Order

Musumeci Zerg - Winner!

Build Orders: Hatch First 

Get SALT Encoding   

  12  0:01  Drone  
  13  0:08  Drone  
  14  0:23  Drone, Extractor  
  15  0:41  Hatchery  
  14  0:44  Extractor  
  14  0:45  Drone  
  15  1:01  Spawning Pool  
  14  1:04  Extractor  
  14  1:06  Drone  
  14  1:13  Drone, Extractor  
  16  1:18  Overlord  
  16  1:36  Drone x2  
  16  1:39  Drone  
  19  1:49  Queen  
  19  1:51  Drone  
  22  1:54  Queen  
  22  1:58  Drone  
  25  2:04  Overlord  
  25  2:07  Drone  
  26  2:12  Drone  
  27  2:16  Extractor  
  26  2:25  Queen  
  28  2:30  Queen  
  28  2:33  Drone x2  
  28  2:36  Extractor  
  32  2:39  Drone  
  32  2:40  Drone x2  
  32  2:44  Overlord  
  35  2:47  Extractor  
  35  2:49  Drone  
  36  3:03  Extractor  
  37  3:15  Drone x8  
  44  3:36  Extractor  
  44  3:38  Roach Warren  
  44  3:39  Extractor  
  41  3:43  Hatchery  
  40  3:54  Drone x3, Evolution Chamber x2  
  41  3:59  Drone  
  41  4:00  Drone x2  
  44  4:03  Overlord  
  44  4:04  Overlord  
  44  4:19  Extractor  
  44  4:23  Roach x3  
  44  4:24  Roach  
  51  4:36  Roach x3  
  57  4:51  Drone x4, Spore Crawler  
  57  4:52  Drone, Spore Crawler  
  60  4:53  Spore Crawler  
  60  4:54  Extractor  
  60  4:55  Spore Crawler  
  60  4:57  Lair  
  60  4:59  Drone x2  
  60  5:00  Drone  
  60  5:16  Drone x3  
  60  5:18  Drone x2  
  60  5:19  Drone  
  66  5:31  Overlord x2  
  66  5:42  Zerg Ground Armor Level 1, Zerg Missile Weapons Level 1  
  66  5:52  Ravager x4  
  66  5:53  Roach  
  66  5:55  Drone  
  66  5:56  Drone x9  
  78  6:23  Hatchery  
  77  6:29  Overlord x6  
  77  6:38  Glial Reconstitution  
  77  6:48  Roach x5  
  87  6:56  Overlord  
  87  6:57  Hatchery  
  86  7:07  Overlord  
  86  7:08  Overlord  
  86  7:14  Ravager x3  
  89  7:26  Ravager x3  
  89  7:27  Roach x8  
  108  7:31  Extractor  
  108  7:34  Extractor  
  106  7:57  Ravager x2  
  106  7:58  Roach x11  
  130  8:09  Drone x3  
  118  8:44  Roach x8  
  118  8:45  Roach x7  
  121  9:06  Roach x6  
  111  9:12  Roach x2  
  106  9:19  Drone x3  
  106  9:23  Ravager x4  
  106  9:24  Ravager x6  
Show
View Real Time Build Order
Export as new Build Order

Haku Terran 

Build Orders: MMM Bio 

Get SALT Encoding   

  12  0:00  SCV  
  13  0:12  SCV  
  14  0:19  Supply Depot  
  14  0:24  SCV  
  15  0:40  SCV  
  16  0:43  Barracks  
  16  0:50  Refinery  
  16  0:52  SCV  
  17  1:05  SCV  
  18  1:17  SCV  
  19  1:29  SCV  
  20  1:35  Reaper  
  21  1:41  Orbital Command  
  21  1:49  Command Center  
  21  2:00  Barracks  
  21  2:08  SCV, Supply Depot  
  21  2:12  Barracks Reactor  
  22  2:20  SCV  
  23  2:32  SCV  
  23  2:33  Factory  
  23  2:34  Refinery  
  24  2:44  Bunker  
  24  2:45  SCV  
  24  2:48  Barracks Tech Lab  
  24  2:49  Marine x2  
  27  2:58  SCV  
  28  3:02  Orbital Command  
  28  3:09  Marine  
  28  3:10  Marine x2  
  31  3:16  SCV  
  32  3:28  SCV  
  32  3:29  Stimpack, Marine x3  
  32  3:33  SCV  
  37  3:43  SCV  
  37  3:45  SCV  
  37  3:46  Factory Reactor  
  39  3:53  Marine x3  
  39  3:55  SCV, Supply Depot x2  
  43  3:59  SCV  
  43  4:01  Starport  
  44  4:09  SCV  
  45  4:11  Marine  
  45  4:16  Marine x2  
  45  4:17  SCV  
  49  4:22  SCV  
  50  4:30  SCV  
  50  4:31  Marine  
  51  4:34  SCV  
  51  4:37  Marine x2, Command Center  
  55  4:42  SCV  
  55  4:44  Refinery  
  56  4:47  Engineering Bay  
  56  4:48  SCV  
  56  4:49  Marine, Engineering Bay  
  58  4:53  Medivac  
  58  4:54  Medivac  
  62  5:01  Supply Depot  
  62  5:04  Supply Depot  
  62  5:23  SCV x2, Marine x3  
  67  5:29  Combat Shields  
  67  5:35  Refinery, SCV x2  
  69  5:40  Factory Tech Lab  
  69  5:45  Barracks  
  69  5:46  Barracks x2  
  69  5:47  SCV x2, Terran Infantry Weapons Level 1  
  71  5:59  SCV  
  72  6:05  Bunker  
  72  6:06  SCV  
  72  6:07  Terran Infantry Armor Level 1  
  72  6:10  Bunker  
  73  6:11  SCV  
  73  6:22  Marine x2  
  73  6:23  Marauder  
  73  6:25  SCV x2  
  79  6:26  Siege Tank  
  79  6:30  Supply Depot x2  
  79  6:32  Medivac  
  84  6:37  SCV  
  84  6:39  Barracks Reactor  
  85  6:40  Barracks Tech Lab x2  
  85  6:42  Barracks  
  85  6:49  Marine x2  
  85  6:50  Marauder  
  85  6:51  SCV  
  85  6:52  Concussive Shells  
  85  6:53  SCV  
  91  6:58  Medivac  
  93  7:03  SCV  
  93  7:06  Orbital Command  
  93  7:08  Marauder x2  
  98  7:09  SCV  
  98  7:12  Marauder, Marine x2  
  103  7:15  SCV  
  103  7:16  Armory  
  103  7:22  SCV  
  105  7:28  SCV  
  106  7:34  Marine  
  106  7:35  Marine x2  
  109  7:37  Barracks Reactor  
  109  7:41  Supply Depot  
  109  7:42  Supply Depot x2  
  109  7:43  Supply Depot  
  109  7:46  Liberator  
  109  7:59  Refinery  
  109  8:03  Marauder x2, SCV x3, Marine, Siege Tank  
  109  8:04  Marauder  
  125  8:11  Marine x3  
  128  8:15  SCV x2  
  128  8:17  Marine  
  128  8:18  Barracks, Marine  
  129  8:21  Marine  
  129  8:24  Marine x2  
  129  8:25  Marauder  
  103  8:41  Marine  
  103  8:42  Marine x4  
  103  8:43  Marauder  
  103  8:46  Marine  
  103  8:47  Marauder x2  
  98  9:04  Marauder  
  88  9:11  Marine  
  88  9:12  Marine x6  
  88  9:13  Marauder, Siege Tank  
  98  9:23  SCV x2  
  104  9:25  Marauder  
  104  9:29  Marine  
  104  9:31  Marauder  
  105  9:35  SCV x2  
Tags
 
Add a new tag
Caveats
  • Supply blocks, unpowered buildings, or Contaminate may cause inaccurate times.
  • Supply counts are checked every 10 seconds.